 Dungeon Crawl Stone Soup version 0.24-a0-736-g4e6fe308c7 (webtiles) character file.

Game seed: 14680797681960035956, levelgen mode: deterministic

107 Kiporshnikov the Slasher (level 5, -5/42 HPs)
             Began as a Human Berserker on Oct 2, 2019.
             Was a Believer of Trog.
             Slain by a phantom (8 damage)
             ... on level 3 of the Dungeon.
             The game lasted 00:09:07 (1789 turns).

Kiporshnikov the Slasher (Human Berserker)          Turns: 1789, Time: 00:09:08

Health: -5/42      AC:  5    Str: 23    XL:     5   Next: 10%
Magic:  5/5        EV: 11    Int:  7    God:    Trog [**....]
Gold:   22         SH:  0    Dex: 13    Spells: 4/4 levels left

rFire    . . .     SeeInvis .   a - +0 falchion
rCold    . . .     Gourm    .   (no shield)
rNeg     . . .     Faith    .   f - +0 ring mail
rPois    .         Spirit   .   (no helmet)
rElec    .         Reflect  .   (no cloak)
rCorr    +         Harm     .   (no gloves)
MR       .....                  (no boots)
Stlth    +.........             e - amulet of the acrobat
HPRegen  0.14/turn              d - ring of resist corrosion
MPRegen  0.09/turn              (no ring)

@: mighty
A: no striking features
a: Berserk, Trog's Hand, Renounce Religion


You were on level 3 of the Dungeon.
You worshipped Trog.
Trog was pleased with you.
You were not hungry.

You visited 1 branch of the dungeon, and saw 4 of its levels.

You collected 22 gold pieces.

Inventory:

Hand Weapons
 a - a +0 falchion (weapon)
 h - a +0 flail
Missiles
 m - 13 stones (quivered)
Armour
 f - a +0 ring mail (worn)
 n - a +0 leather armour
Jewellery
 d - a ring of resist corrosion (left hand)
 e - an amulet of the acrobat (around neck)
Potions
 g - a potion of heal wounds {unknown}
 o - a potion of lignification
Comestibles
 c - 4 rations


   Skills:
 + Level 3.7 Fighting
 * Level 4.3 Long Blades
 + Level 2.7 Armour
 - Level 2.1 Dodging


You had 4 spell levels left.
You didn't know any spells.
Your spell library contained the following spells:

 Spells                   Type           Power        Failure   Level  Hunger
 Ignite Poison            Fire/Tmut/Pois #.......     91%         3    ####...
 Fireball                 Conj/Fire      #.........   100%        5    ######.
 Bolt of Fire             Conj/Fire      #.........   100%        6    #######
 Ring of Flames           Chrm/Fire      #.........   100%        7    #######
 Ignition                 Fire           #.........   100%        8    #######


Dungeon Overview and Level Annotations

Branches:
Dungeon (4/15)
 Temple: D:4-7

Altars:


Message History

The phantom hits you.
* * * LOW HITPOINT WARNING * * *
You feel very mighty all of a sudden. The phantom barely misses you.
You riposte.
You closely miss the phantom.
The phantom is moderately damaged.
You barely miss the phantom.
The phantom is moderately damaged.
The phantom hits you.
* * * LOW HITPOINT WARNING * * *
You slash the phantom!
The phantom is severely damaged.
The phantom hits you but does no damage.
You closely miss the phantom.
The phantom is severely damaged.
The phantom hits you.
* * * LOW HITPOINT WARNING * * *
You hit the phantom.
The phantom is severely damaged.
The phantom hits you!
You die...

..##.###.#.###
#.##.##......##########
#.##.##..#.#..........#
...).......##########.####
#.##.#.....# #.....#
..##.......# #..##.#
########.### #####..##.#
#[# #W.....##.# #)#
#@###.###.# ##'## #.# #.#
#.# ##...## #.# #.# #.#
##.....## #.###.. ..# #
##.......## #.#.### ###
####.........###....####
...'...รท.....+......>...
.###.........###....####
.# ##<......## #.#.##


You could see a phantom.

Vanquished Creatures
  A hound skeleton (D:4)
  A howler monkey skeleton (D:4)
  2 adders (D:3)
  3 oozes
  A dart slug (D:1)
  3 leopard geckos
  8 orcs (D:3)
  A bat (D:2)
  A giant cockroach (D:1)
  5 goblins
  5 hobgoblins
  5 kobolds
  2 frilled lizards
  3 rats
41 creatures vanquished.

Notes
Turn   | Place    | Note
-------+----------+-------------------------------------------
     0 | D:1      | Kiporshnikov the Human Berserker began the quest for the
                  | Orb.
     0 | D:1      | Reached XP level 1. HP: 18/18 MP: 1/1
    67 | D:1      | Reached XP level 2. HP: 24/24 MP: 2/2
   432 | D:1      | Reached XP level 3. HP: 27/29 MP: 3/3
   954 | D:2      | You fall into a shaft and drop 2 floors!
  1018 | D:4      | Reached skill level 4 in Long Blades
  1018 | D:4      | Reached XP level 4. HP: 29/35 MP: 4/4
  1103 | D:3      | Reached ** piety under Trog
  1500 | D:3      | Reached XP level 5. HP: 41/42 MP: 5/5
  1730 | D:3      | Noticed a phantom
  1788 | D:3      | HP: 2/42 [phantom (6)]
  1789 | D:3      | Slain by a phantom

Levels and vault maps discovered:
D:1:      minmay_arrival_semitransparent, layout_rooms, minmay_misc_feat_square
D:2:      layout_basic, first_ration, minmay_misc_feat_enclosed,
          minmay_pentomino_x2
D:3:      layout_loops_corners
D:4:      layout_loops_ring, grunt_dithmenos_smoke,
          minmay_temple_entry_large_hall, nicolae_ossuary_entry_giza, tgw_xom

Skill      XL: |  1  2  3 |
---------------+----------+-----
Long Blades    | 4 |  4.3
Fighting       | |  3.7
Armour         | |  2.7
Dodging        | |  2.1

Action                   |  1- 3 |  4- 6 || total
-------------------------+-------+-------++-------
Melee: Falchion          |    75 |    90 ||   165
  Use: Scroll            |     6 |       ||     6
       Potion            |       |     4 ||     4
 Stab: Sleeping          |     1 |       ||     1
  Eat: Chunk             |       |     3 ||     3
Armor: Animal skin       |    11 |       ||    11
       Ring mail         |       |    19 ||    19
Dodge: Dodged            |    46 |    41 ||    87
       Rpst.: Falchion   |    19 |    17 ||    36

Table legend:
 A = Non-vault XP
 B = Vault XP
 C = Vault XP percentage of total XP
 D = Non-vault monster count
 E = Vault monster count
 F = Vault count percentage of total count
                 A         B        C        D         E       F
            +---------+---------+-------+---------+---------+-------
      Total |     153 |       0 |   0.0 |      41 |       0 |   0.0
            +---------+---------+-------+---------+---------+-------
        D:1 |      46 |       0 |   0.0 |      18 |       0 |   0.0
        D:2 |       6 |       0 |   0.0 |       3 |       0 |   0.0
        D:3 |      70 |       0 |   0.0 |      18 |       0 |   0.0
        D:4 |      31 |       0 |   0.0 |       2 |       0 |   0.0
            +---------+---------+-------+---------+---------+-------
